 Dungeon Crawl Stone Soup version 0.20.0-15-g7f486f2 (webtiles) character file.

649 Naow the Magician (level 7, 0/36 HPs)
             Began as a Deep Elf Earth Elementalist on June 10, 2017.
             Was a Follower of Vehumet.
             Succumbed to a worker ant's poison
             ... on level 6 of the Dungeon.
             The game lasted 00:11:08 (5826 turns).

Naow the Magician (Deep Elf Earth Elementalist)     Turns: 5826, Time: 00:11:08

Health: 0/36       AC:  4    Str:  5    XL:     7   Next: 28%
Magic:  2/20       EV: 13    Int: 22    God:    Vehumet [*.....]
Gold:   239        SH:  0    Dex: 15    Spells: 5/21 levels left

rFire    . . .     SeeInvis +   (no weapon)
rCold    . . .     Gourm    .   (no shield)
rNeg     . . .     Faith    .   c - +0 robe
rPois    .         Spirit   .   (no helmet)
rElec    .         Reflect  .   (no cloak)
rCorr    +         Harm     .   v - +0 pair of gloves
MR       .....                  w - +0 pair of boots
Stlth    ++........             (no amulet)
Regen    0.2/turn               u - ring of see invisible
MPRegen  0.2/turn               i - ring of resist corrosion

@: lethally poisoned (0 -> -12)
A: no striking features
a: Renounce Religion


You were on level 6 of the Dungeon.
You worshipped Vehumet.
Vehumet was aware of your devotion.
You were hungry.

You visited 1 branch of the dungeon, and saw 6 of its levels.

You collected 239 gold pieces.

Inventory:

Armour
 c - a +0 robe (worn)
 v - a +0 pair of gloves (worn)
 w - a +0 pair of boots (worn)
 x - a cursed +0 buckler
Jewellery
 i - a ring of resist corrosion (right hand)
 u - a ring of see invisible (left hand)
Wands
 s - a wand of flame (31/48)
Scrolls
 a - a scroll of recharging {unknown}
 d - a scroll of magic mapping {unknown}
 f - 6 scrolls of identify {unknown}
 k - a scroll of fear {unknown}
 m - a scroll of enchant armour {unknown}
 r - 2 scrolls of remove curse {unknown}
 t - a scroll of amnesia {unknown}
Potions
 g - a potion of flight {unknown}
 j - a potion of heal wounds {unknown}
 l - 2 potions of curing {unknown}
 n - a potion of resistance {unknown}
 o - a potion of berserk rage {unknown}
 p - a potion of degeneration {unknown}
 q - a potion of might {unknown}
Books
 e - a book of Geomancy

   Spells                             Type                      Level
   a - Sandblast                      Earth                        1
   b - Passwall                       Transmutation/Earth          2
   c - Stone Arrow                    Conjuration/Earth            3
   d - Petrify                        Transmutation/Earth          4
   e - Lee's Rapid Deconstruction     Earth                        5
Comestibles
 h - a royal jelly


   Skills:
 - Level 2.4 Dodging
 - Level 2.4 Stealth
 + Level 7.7 Spellcasting
 * Level 2.1 Conjurations
 - Level 1.1 Transmutations
 + Level 6.6 Earth Magic


You had 5 spell levels left.
You knew the following spells:

 Your Spells              Type           Power        Failure   Level  Hunger
a - Sandblast             Erth           #####.       1%          1    None
b - Stone Arrow           Conj/Erth      ####..       3%          3    None
c - Passwall              Tmut/Erth      ####......   2%          2    None
d - Lee's Rapid Deconstr  Erth           #####.....   14%         5    #####..
e - Petrify               Tmut/Erth      ####....     16%         4    ###....
f - Sting                 Conj/Pois      ##..         4%          1    None


Dungeon Overview and Level Annotations

Branches:
Dungeon (6/15)             Temple (0/1) D:5

Altars:
Ashenzari
Elyvilon
Fedhas
Makhleb
Nemelex Xobeh
Sif Muna
Vehumet
Xom
Zin

Shops:
D:4 (

Annotations:
D:4 Dowan
D:5 Shimatora's ghost, amateur TrMo
D:6 Pikel


Message History

The hound zombie is almost destroyed.
The worker ant bites you.
You are more poisoned.
The worker ant poisons you!
The orc priest calls down the wrath of Beogh upon you.
Beogh smites you!
* * * LOW HITPOINT WARNING * * *
The hound zombie bites you but does no damage.
The orc priest mumbles some strange prayers to Beogh against you.
Beogh smites you!
* * * LOW HITPOINT WARNING * * *
Casting: Stone Arrow
Confirm with . or Enter, or press ? or * to list all spells.
Aiming: Stone Arrow
Press: ? - help, Shift-Dir - straight line, f/p - hound zombie
Aim: a hound zombie (almost destroyed)
The stone arrow hits the hound zombie.
You destroy the hound zombie!
Vehumet accepts your kill.
You die...

.. .. #.# #.# ..#...
..#p# ..K.# K...#.#
...##############.p....#
#!....@ahoooop..o.....#
#############..#.#.#...
#..##.!. ...## #...#
#### ...# .### #


You could see a slave, a hound, a worker ant, 2 orc priests, an orc wizard
(invisible) and an orc.

Vanquished Creatures
  Duvessa (D:5)
  The ghost of 2d6 the Slasher, an amateur TeAK of Lugonu (D:3)
  A hound (D:4)
  3 orc priests (D:4)
  A bullfrog skeleton (D:4)
  An orc wizard (D:4)
  Jessica (D:3)
  An iguana (D:5)
  A worker ant (D:4)
  A hound zombie (D:6)
  11 adders
  An adder skeleton (D:4)
  3 worms (D:2)
  A dart slug (D:1)
  5 leopard geckos
  10 orcs
  6 bats (D:1)
  2 giant cockroaches
  8 goblins
  6 hobgoblins
  13 jackals
  4 quokkas (D:4)
  6 frilled lizards
  8 kobolds
  A leopard gecko skeleton (D:4)
  9 rats
106 creatures vanquished.

Vanquished Creatures (others)
  A plant (D:3)
1 creature vanquished.

Grand Total: 107 creatures vanquished

Notes
Turn   | Place    | Note
-------+----------+-------------------------------------------
     0 | D:1      | Naow the Deep Elf Earth Elementalist began the quest for the Orb.
     0 | D:1      | Reached XP level 1. HP: 10/10 MP: 6/6
   333 | D:1      | Reached XP level 2. HP: 15/15 MP: 6/8
   739 | D:1      | Reached skill level 4 in Spellcasting
   959 | D:2      | Found a shimmering altar of Xom.
   961 | D:2      | Reached XP level 3. HP: 19/19 MP: 8/10
   966 | D:2      | Learned a level 3 spell: Stone Arrow
   969 | D:2      | Learned a level 2 spell: Passwall
  1652 | D:2      | Found a shattered altar of Ashenzari.
  1694 | D:2      | Reached XP level 4. HP: 24/24 MP: 9/12
  1719 | D:2      | Found a blossoming altar of Fedhas.
  1725 | D:2      | Found a glowing silver altar of Zin.
  1801 | D:3      | Noticed Jessica
  1803 | D:3      | Killed Jessica
  1803 | D:3      | Reached skill level 5 in Spellcasting
  1896 | D:3      | Noticed 2d6's ghost (amateur TeAK)
  2120 | D:3      | Reached XP level 5. HP: 28/28 MP: 12/14
  2123 | D:3      | Reached skill level 5 in Earth Magic
  2304 | D:3      | Found a sparkling altar of Nemelex Xobeh.
  2375 | D:3      | Found a radiant altar of Vehumet.
  2376 | D:3      | Found a deep blue altar of Sif Muna.
  2405 | D:3      | Killed 2d6's ghost
  2405 | D:3      | Reached skill level 6 in Spellcasting
  2470 | D:3      | Became a worshipper of Vehumet
  2974 | D:4      | Reached XP level 6. HP: 28/32 MP: 10/17
  3105 | D:4      | Found Ablacen's Weapon Emporium.
  3242 | D:4      | Reached skill level 7 in Spellcasting
  3382 | D:4      | Found a white marble altar of Elyvilon.
  3481 | D:4      | Found a burning altar of Makhleb.
  3664 | D:4      | Reached * piety under Vehumet
  3664 | D:4      | Offered knowledge of Sting by Vehumet.
  3729 | D:4      | Learned a level 5 spell: Lee's Rapid Deconstruction
  3734 | D:4      | Learned a level 4 spell: Petrify
  4011 | D:4      | Learned a level 1 spell: Sting
  4057 | D:5      | Entered Level 5 of the Dungeon
  4108 | D:5      | Noticed Duvessa
  4108 | D:5      | Noticed Dowan
  4705 | D:5      | Noticed Shimatora's ghost (amateur TrMo)
  5240 | D:5      | Killed Duvessa
  5240 | D:5      | Reached skill level 1 in Conjurations
  5240 | D:5      | Reached XP level 7. HP: 26/36 MP: 4/20
  5791 | D:5      | Found a staircase to the Ecumenical Temple.
  5809 | D:6      | Noticed Pikel
  5825 | D:6      | HP: 1/36 [orc priest/divine providence (9)]
  5826 | D:6      | Succumbed to a worker ant's poison

Skill      XL: |  1  2  3  4  5  6  7 |
---------------+----------------------+-----
Spellcasting   | 4 5 6 7 |  7.7
Earth Magic    | 4 5 6 |  6.6
Conjurations   | 1 2 |  2.1
Dodging        | |  2.4
Stealth        | |  2.4
Transmutations | |  1.1

Action                   |  1- 3 |  4- 6 |  7- 9 || total
-------------------------+-------+-------+-------++-------
Melee: Unarmed           |     4 |     5 |       ||     9
 Cast: Sandblast         |    46 |    85 |       ||   131
       Stone Arrow       |     3 |    20 |     8 ||    31
       Passwall          |       |     6 |     3 ||     9
       Sting             |       |    16 |    18 ||    34
 Stab: Sleeping          |       |     1 |       ||     1
  Eat: Chunk             |     3 |     7 |       ||    10
       Bread ration      |       |     1 |       ||     1
Armor: Robe              |     3 |     6 |     4 ||    13
Dodge: Dodged            |    13 |    36 |     8 ||    57
